 Dungeon Sprint DCSS version 0.21-a0-434-g806c6c2 (webtiles) character file.

33418 mastercheaf21 the Peltast (level 13, 0/149 HPs)
             Began as a Deep Dwarf Fighter on Nov 9, 2017.
             Was the Champion of Makhleb.
             Slain by an alligator snapping turtle (32 damage)
             ... in the Dungeon (Sprint IX: "|||||||||||||||||||||||||||||").
             The game lasted 00:43:55 (2349 turns).

mastercheaf21 the Peltast (Deep Dwarf Fighter)      Turns: 2349, Time: 00:43:56

Health: 0/149      AC: 18    Str: 26    XL:     13   Next: 36%
Magic:  0/0        EV: 16    Int: 10    God:    Makhleb [******]
Gold:   1718       SH: 16    Dex: 10    Spells: 12/12 levels left

rFire    . . .     SeeInvis .   M - +2 scimitar (flame)
rCold    + . .     Gourm    .   c - +0 shield
rNeg     . . .     Faith    .   I - +2 plate armour
rPois    .         Spirit   .   (no helmet)
rElec    .         Reflect  .   s - +0 cloak
rCorr    .         Harm     .   H - +0 pair of gloves
MR       +....     NoTele   +   t - +0 pair of boots
Stlth    ..........             (no amulet)
HPRegen  0.00/turn              v - +2 ring of evasion
MPRegen  0.07/turn              w - +2 ring of evasion

@: lethally poisoned (0 -> 0), mesmerised, non-regenerating
A: damage resistance, heal wounds, talons 1, clumsy 1, cold resistance 1,
deformed body, deterioration 1, sense surroundings 2, robust 1, strong 1,
subdued magic 1, no regeneration
a: Heal Wounds, Minor Destruction, Lesser Servant of Makhleb, Major Destruction,
Greater Servant of Makhleb, Renounce Religion


You were in the Dungeon.
You worshipped Makhleb.
Makhleb was exalted by your worship.
You were not hungry.

You visited 1 branch You collected 1900 gold pieces.
You spent 182 gold pieces at shops.

Inventory:

Hand Weapons
 a - a +0 long sword
 p - a +2 halberd of venom
 q - a +2 rapier of draining
 x - a +3 vampiric great sword
 y - the +8 hand crossbow of the Throat {elec, +Fly Dex+5}
   (You found it in the Dungeon)

   It charges the ammunition it shoots with electricity; occasionally upon a
   hit, such missiles may discharge and cause terrible harm.
   It affects your dexterity (+5).
   It lets you fly.
 L - a +2 glaive of freezing
 M - a +2 scimitar of flaming (weapon)
 T - a +1 great sword
Missiles
 D - 21 bolts
Armour
 b - a +0 scale mail
 c - a +0 shield (worn)
 s - a +0 cloak (worn)
 t - a +0 pair of boots (worn)
 u - a +1 chain mail
 E - a +0 plate armour
 H - a +0 pair of gloves (worn)
 I - a +2 plate armour (worn)
 J - a +1 ring mail of poison resistance
 Q - +0 swamp dragon scales
Jewellery
 r - an uncursed ring of protection from fire
 v - a +2 ring of evasion (left hand)
 w - a +2 ring of evasion (right hand)
 z - an uncursed ring of protection from cold
 N - an uncursed ring of fire
 O - an uncursed ring of protection from fire
 P - an uncursed ring of see invisible
Wands
 o - a wand of lightning (7/15)
Scrolls
 k - 3 scrolls of blinking
 m - 4 scrolls of remove curse
 n - 2 scrolls of amnesia
 A - 2 scrolls of fog
 B - 2 scrolls of fear
 C - 5 scrolls of enchant armour
Potions
 d - a potion of might
 e - 8 potions of curing
 g - 5 potions of heal wounds
 h - a potion of haste
 i - 4 potions of magic
 j - 2 potions of berserk rage
 l - 3 potions of invisibility
 K - 2 potions of flight {unknown}
 R - a potion of brilliance
 S - a potion of agility
Comestibles
 f - 13 bread rations
 F - 40 fruits
 G - 12 meat rations


   Skills:
 - Level 14.8 Fighting
 * Level 18.6 Long Blades
 - Level 13.8 Armour
 * Level 11.3 Dodging
 - Level 0.1 Stealth
 + Level 20.7 Shields
 - Level 5.5 Invocations


You had 12 spell levels left.
You didn't know any spells.

Dungeon Overview and Level Annotations

Branches:
Dungeon (1/1)

Altars:
Cheibriados
Dithmenos
Elyvilon
Fedhas
Gozag
Hepliaklqana
Kikubaaqudgha
Makhleb
Nemelex Xobeh
Okawaru
Qazlal
Ru
Sif Muna
Trog
Uskayaw
Vehumet
Wu Jian
Xom
Yredelemnul
Zin
The Shining One
Beogh
Jiyva
Lugonu

Shops:
D *%[*


Innate Abilities, Weirdness & Mutations

You are resistant to damage.
You can heal yourself by infusing magical energy.
You passively map the area around you.
You do not regenerate.
You have sharp toenails.
You are clumsy. (Dex -2)
Your flesh is cold resistant. (rC+)
Armour fits poorly on your strangely shaped body.
Your body sometimes deteriorates upon taking damage.
You are robust. (+10% HP)
Your muscles are strong. (Str +2)
Your spells are a little easier to cast, but a little less powerful.


Message History

The alligator snapping turtle bites you.
You slice the alligator snapping turtle!!
You burn the alligator snapping turtle.
The alligator snapping turtle is almost dead.
You feel sick. The merfolk barely misses you.
You hit the alligator snapping turtle but do no damage.
The alligator snapping turtle is almost dead.
The merfolk siren chants its luring song.
The merfolk closely misses you.
The alligator snapping turtle bites you!!
* * * LOW HITPOINT WARNING * * *
You hit the alligator snapping turtle but do no damage.
The alligator snapping turtle is almost dead.
The merfolk siren chants its luring song.
You slash the alligator snapping turtle!
You burn the alligator snapping turtle.
The alligator snapping turtle is almost dead.
You block the merfolk's attack.
The alligator snapping turtle bites you!!
You die...

_▓.▓.▓.▓.▓.▓.▓.♣.♣ ,
_▓.▓.▓.▓.▓.▓.▓.♣÷♣,
,*,*, ,
_▓.▓.▓.▓(▓.▓.▓.♣.♣ *
_▓.▓.▓.▓)▓.▓.▓.♣.♣ ,
'▓.▓'▓.▓)▓.▓(▓.♣.♣,
,* * *, ,
.▓.▓.▓.▓)▓.▓'▓.♣.♣ *
, , ,
.▓.▓.▓.▓.▓.▓)▓.♣.♣ *
* *
|▓.▓.▓.▓.▓(▓†▓.♣.♣ ,
)▓.▓.▓.▓.▓)▓(▓.▓@▓
,*,*
.▓.▓.▓.▓∩▓.▓)▓.▓t▓,*
*, , ,
.▓.▓.▓.▓.▓.▓)▓.▓m▓,
, * ,
.▓.▓.▓.▓∩▓.▓.▓.▓H▓ ,
* .▓.▓.▓.▓.▓.▓.▓.▓H▓
+ †▓.▓.▓.▓∩▓.▓(▓.▓m▓
, ,
)▓.▓.▓.▓)▓.▓(▓.▓m▓ *
* .▓.▓.▓.▓∩▓.▓.▓.▓m▓
*,
.▓.▓.▓.▓)▓.▓(▓.▓≈* ,
* ,


You could see an alligator snapping turtle, 3 merfolk, 2 manticores and a
merfolk siren.

Vanquished Creatures
  Rupert (D)
  A thorn hunter (D)
  An emperor scorpion (D)
  A very ugly thing (D)
  A stone giant (D)
  3 dire elephants (D)
  An ettin (D)
  A spark wasp (D)
  A great orb of eyes (D)
  A hydra (D)
  A centaur warrior (D)
  An alligator (D)
  A tengu warrior (D)
  Erica (D)
  2 shock serpents (D)
  A naga sharpshooter (D)
  Urug (D)
  A sea snake (D)
  An unseen horror (D)
  A naga ritualist (D)
  An orc sorcerer (D)
  A mana viper (D)
  A deep elf mage (D)
  A salamander (D)
  A wolf spider (D)
  2 cyclopes (D)
  A guardian serpent (D)
  A moth of wrath (D)
  5 elephants (D)
  2 black mambas (D)
  Psyche (D)
  3 spiny frogs (D)
  2 komodo dragons (D)
  3 jumping spiders (D)
  3 hippogriffs (D)
  A hornet (D)
  A dream sheep (D)
  A redback (D)
  A wyvern (D)
  2 yaks (D)
  Grum (D)
  3 water moccasins (D)
  5 porcupines (D)
  13 orc warriors (D)
  A sky beast (D)
  A boggart (D)
  2 eyes of draining (D)
  An ogre (D)
  4 wolves (D)
  A crocodile (D)
  2 bullfrogs (D)
  A howler monkey (D)
  2 crimson imps (D)
  2 orc priests (D)
  3 hounds (D)
  4 orc wizards (D)
  A gnoll (D)
  An adder (D)
  A leopard gecko (D)
  9 orcs (D)
  A ball python (D)
  A giant cockroach (D)
  A kobold (D)
  A bat (D)
  A giant cockroach zombie (D)
  A quokka skeleton (D)
121 creatures vanquished.

Vanquished Creatures (collateral kills)
  A shambling mangrove (D)
  5 orc knights (D)
  3 hornets (D)
  A swamp drake (D)
  4 orc warriors (D)
  An orc wizard (D)
15 creatures vanquished.

Vanquished Creatures (others)
  A hydra (D)
  2 alligators (D)
  A hornet (D)
4 creatures vanquished.

Grand Total: 140 creatures vanquished

Notes
Turn   | Place    | Note
-------+----------+-------------------------------------------
     0 | D        | mastercheaf21 the Deep Dwarf Fighter began the quest for the Orb.
     0 | D        | Reached XP level 1. HP: 20/20 MP: 1/1
    12 | D        | Reached skill level 1 in Dodging
    17 | D        | Reached skill level 4 in Shields
    24 | D        | Noticed a hound
    24 | D        | Noticed a hound
    30 | D        | Killed a hound
    30 | D        | Reached skill level 5 in Shields
    30 | D        | Reached XP level 2. HP: 21/28 MP: 2/2
    30 | D        | Reached XP level 3. HP: 25/34 MP: 3/3
    38 | D        | Reached skill level 5 in Armour
    60 | D        | Reached skill level 5 in Long Blades
    60 | D        | Reached skill level 6 in Shields
    60 | D        | Reached XP level 4. HP: 22/42 MP: 4/4
    83 | D        | Found a roughly hewn altar of Beogh.
    83 | D        | Found a snail-covered altar of Cheibriados.
    83 | D        | Found a shadowy altar of Dithmenos.
    83 | D        | Found a white marble altar of Elyvilon.
    83 | D        | Found a blossoming altar of Fedhas.
    83 | D        | Found an opulent altar of Gozag.
    84 | D        | Found a hazy altar of Hepliaklqana.
    85 | D        | Found a viscous altar of Jiyva.
    86 | D        | Found an ancient bone altar of Kikubaaqudgha.
    87 | D        | Found a corrupted altar of Lugonu.
    88 | D        | Found a burning altar of Makhleb.
    89 | D        | Found a sparkling altar of Nemelex Xobeh.
    90 | D        | Found an iron altar of Okawaru.
    91 | D        | Found a stormy altar of Qazlal.
    94 | D        | Found a sacrificial altar of Ru.
    95 | D        | Found a deep blue altar of Sif Muna.
    98 | D        | Found a bloodstained altar of Trog.
    99 | D        | Found a hide-covered altar of Uskayaw.
   100 | D        | Became a worshipper of Makhleb the Destroyer
   101 | D        | Found a radiant altar of Vehumet.
   102 | D        | Found an ornate altar of the Wu Jian Council.
   103 | D        | Found a shimmering altar of Xom.
   104 | D        | Found a basalt altar of Yredelemnul.
   105 | D        | Found a glowing silver altar of Zin.
   106 | D        | Found a glowing golden altar of the Shining One.
   172 | D        | Noticed an ogre
   180 | D        | Killed an ogre
   180 | D        | Reached skill level 7 in Shields
   180 | D        | Reached XP level 5. HP: 22/49 MP: 5/5
   183 | D        | Reached * piety under Makhleb
   200 | D        | Killed an unseen horror
   200 | D        | Reached skill level 9 in Shields
   200 | D        | Reached XP level 6. HP: 25/56 MP: 6/6
   200 | D        | Reached XP level 7. HP: 28/62 MP: 7/7
   207 | D        | Reached ** piety under Makhleb
   219 | D        | Noticed a hippogriff
   219 | D        | Noticed a wyvern
   237 | D        | Killed a hippogriff
   237 | D        | Reached XP level 8. HP: 69/69 MP: 1/6
   238 | D        | Reached *** piety under Makhleb
   238 | D        | Reached skill level 10 in Shields
   399 | D        | Got the +8 hand crossbow of the Throat {elec, +Fly Dex+5}
   417 | D        | Reached **** piety under Makhleb
   417 | D        | Reached skill level 10 in Armour
   448 | D        | Noticed a spiny frog
   451 | D        | Gained mutation: You passively map the area around you. [Deep Dwarf growth]
   451 | D        | Reached XP level 9. HP: 75/75 MP: 7/7
   453 | D        | Reached ***** piety under Makhleb
   453 | D        | Reached skill level 11 in Shields
   462 | D        | Killed a spiny frog
   462 | D        | Reached skill level 5 in Fighting
   498 | D        | Gained mutation: You have large cloven feet. [potion of mutation]
   498 | D        | Gained mutation: You have hoof-like feet. [potion of mutation]
   499 | D        | Lost mutation: You have hoof-like feet. [potion of mutation]
   499 | D        | Lost mutation: You have large cloven feet. [potion of mutation]
   499 | D        | Gained mutation: Your flesh is cold resistant. (rC+) [potion of mutation]
   499 | D        | Gained mutation: You are resistant to electric shocks. (rElec) [potion of mutation]
   499 | D        | Gained mutation: You possess an exceptional clarity of mind. [potion of mutation]
   499 | D        | Gained mutation: Your flesh is very cold resistant. (rC++) [potion of mutation]
   505 | D        | Noticed a komodo dragon
   505 | D        | Noticed a spiny frog
   517 | D        | Killed a komodo dragon
   534 | D        | Reached skill level 12 in Shields
   541 | D        | Killed a spiny frog
   545 | D        | Reached ****** piety under Makhleb
   555 | D        | Reached XP level 10. HP: 95/96 MP: 7/7
   575 | D        | Noticed an elephant
   575 | D        | Noticed a dire elephant
   575 | D        | Noticed an elephant
   575 | D        | Noticed an elephant
   575 | D        | Noticed a dire elephant
   575 | D        | Noticed an elephant
   585 | D        | Noticed an Executioner
   616 | D        | Killed a dire elephant
   616 | D        | Reached skill level 1 in Invocations
   637 | D        | Killed a dire elephant
   637 | D        | Reached skill level 13 in Shields
   643 | D        | Killed an elephant
   643 | D        | Reached skill level 10 in Fighting
   651 | D        | Killed an elephant
   658 | D        | Killed an elephant
   663 | D        | Killed an elephant
   665 | D        | Noticed a dire elephant
   684 | D        | Killed a dire elephant
   684 | D        | Reached skill level 14 in Shields
   684 | D        | Reached skill level 5 in Invocations
   713 | D        | Noticed an elephant
   720 | D        | Killed an elephant
   720 | D        | Reached XP level 11. HP: 114/114 MP: 6/8
   765 | D        | Noticed Psyche
   773 | D        | Killed Psyche
  1002 | D        | Noticed an orc knight
  1002 | D        | Noticed an orc sorcerer
  1024 | D        | Killed an orc knight
  1041 | D        | Noticed a sixfirhy
  1041 | D        | Killed an orc sorcerer
  1149 | D        | Found Betrut's Assorted Antiques.
  1149 | D        | Noticed an orc knight
  1149 | D        | Noticed an orc knight
  1152 | D        | Noticed an orc knight
  1154 | D        | Killed an orc knight
  1168 | D        | Noticed an orc knight
  1170 | D        | Killed an orc knight
  1182 | D        | Killed an orc knight
  1182 | D        | Reached skill level 15 in Shields
  1186 | D        | Killed an orc knight
  1198 | D        | Found Weziejux's Food Shoppe.
  1202 | D        | Found Gunenoat's Armour Emporium.
  1206 | D        | Found Yhyny's Assorted Antiques.
  1262 | D        | Bought a +1 ring mail of poison resistance for 182 gold pieces
  1303 | D        | Noticed Grum
  1304 | D        | Noticed Urug
  1311 | D        | Killed Grum
  1325 | D        | Killed Urug
  1355 | D        | Noticed Erica
  1365 | D        | Killed Erica
  1543 | D        | Noticed a deep elf mage
  1543 | D        | Noticed a six-headed hydra
  1560 | D        | Killed a deep elf mage
  1560 | D        | Reached skill level 16 in Shields
  1564 | D        | Noticed a great orb of eyes
  1565 | D        | Killed a one-headed hydra
  1565 | D        | Reached skill level 15 in Long Blades
  1570 | D        | Noticed a stone giant
  1575 | D        | Reached skill level 5 in Dodging
  1580 | D        | Noticed a tengu warrior
  1582 | D        | Reached XP level 12. HP: 129/129 MP: 6/6
  1587 | D        | Killed a great orb of eyes
  1591 | D        | Noticed a purple very ugly thing
  1594 | D        | Noticed an ettin
  1597 | D        | Killed a stone giant
  1597 | D        | Reached skill level 17 in Shields
  1612 | D        | Killed a purple very ugly thing
  1631 | D        | Killed a tengu warrior
  1643 | D        | Killed an ettin
  1656 | D        | Noticed a centaur warrior
  1665 | D        | Killed a centaur warrior
  1665 | D        | Reached skill level 18 in Shields
  1667 | D        | Lost mutation: You possess an exceptional clarity of mind. [potion of mutation]
  1667 | D        | Lost mutation: Your flesh is very cold resistant. (rC++) [potion of mutation]
  1667 | D        | Lost mutation: You are resistant to electric shocks. (rElec) [potion of mutation]
  1667 | D        | Gained mutation: You are resistant to hostile enchantments. (MR+) [potion of mutation]
  1667 | D        | Gained mutation: You are partially covered in slimy green scales. (AC +2) [potion of mutation]
  1667 | D        | Gained mutation: Armour fits poorly on your strangely shaped body. [potion of mutation]
  1668 | D        | Lost mutation: You are partially covered in slimy green scales. (AC +2) [potion of mutation]
  1668 | D        | Lost mutation: You are resistant to hostile enchantments. (MR+) [potion of mutation]
  1668 | D        | Gained mutation: Your muscles are strong. (Str +2) [potion of mutation]
  1668 | D        | Gained mutation: Your spells are a little easier to cast, but a little less powerful. [potion of mutation]
  1668 | D        | Gained mutation: You are robust. (+10% HP) [potion of mutation]
  1748 | D        | Noticed Rupert
  1768 | D        | Killed Rupert
  1848 | D        | Reached skill level 19 in Shields
  1881 | D        | Reached skill level 10 in Dodging
  1921 | D        | Noticed an emperor scorpion
  1927 | D        | Noticed a spark wasp
  1965 | D        | Killed an emperor scorpion
  1965 | D        | Reached XP level 13. HP: 78/149 MP: 1/1
  1992 | D        | Noticed a cacodemon
  1993 | D        | Killed a spark wasp
  2003 | D        | Reached skill level 20 in Shields
  2009 | D        | Gained mutation: Your body sometimes deteriorates upon taking damage. [a cacodemon]
  2013 | D        | Gained mutation: You are clumsy. (Dex -2) [a cacodemon]
  2018 | D        | Gained mutation: You have sharp toenails. [a cacodemon]
  2041 | D        | Noticed a thorn hunter
  2055 | D        | Killed a thorn hunter
  2075 | D        | Paralysed by a hornet for 1 turns
  2079 | D        | Paralysed by a hornet for 2 turns
  2349 | D        | Slain by an alligator snapping turtle

Vault maps used:
D:        linesprint

Skill      XL: |  1  2  3  4  5  6  7  8  9 10 11 12 13 |
---------------+----------------------------------------+-----
Fighting       | 3 8 11 14 | 14.8
Dodging        | 1 5 10 11 | 11.3
Shields        | 5 6 7 9 10 12 14 16 19 20 | 20.7
Long Blades    | 3 5 7 11 12 14 15 17 18 | 18.6
Armour         | 4 5 6 9 10 12 13 | 13.8
Invocations    | 5 |  5.5
Stealth        | |  0.1

Action                   |  1- 3 |  4- 6 |  7- 9 | 10-12 | 13-15 || total
-------------------------+-------+-------+-------+-------+-------++-------
Melee: Long sword        |    47 |       |       |       |       ||    47
       Scimitar          |       |    25 |   126 |   420 |   106 ||   677
Invok: Lesser Servant of |       |       |       |     6 |       ||     6
       Greater Servant o |       |       |       |     2 |     2 ||     4
       Major Destruction |       |       |       |     4 |     1 ||     5
       Minor Destruction |       |       |       |     3 |       ||     3
 Abil: Heal Wounds       |       |     4 |     6 |    41 |     5 ||    56
  Use: Potion            |       |       |     2 |     2 |       ||     4
       Scroll            |       |       |       |     1 |       ||     1
 Stab: Confused          |       |       |       |       |     1 ||     1
  Eat: Chunk             |       |       |       |     2 |       ||     2
       Bread ration      |       |       |       |     1 |       ||     1
Armor: Scale mail        |    14 |       |       |       |       ||    14
       Chain mail        |       |    26 |    24 |    65 |       ||   115
       Plate armour      |       |       |       |    71 |    27 ||    98
Dodge: Dodged            |    22 |     2 |    23 |   145 |    56 ||   248
Block: Shield            |    32 |    14 |    52 |   245 |    83 ||   426
       Rpst.: Long sword |     6 |       |       |       |       ||     6
       Scimitar          |       |     1 |     2 |    27 |    11 ||    41

Table legend:
 A = Spawn XP
 B = Non-spawn XP
 C = Spawn XP percentage of total XP
 D = Spawn monster count
 E = Non-spawn monster count
 F = Spawn count percentage of total count
 G = Total turns spent on level
                    A         B        C        D         E        F      G
               +---------+---------+-------+---------+---------+-------+---------
         Total |       0 |   47741 |   0.0 |       0 |     137 |   0.0 |  2349
               +---------+---------+-------+---------+---------+-------+---------
             D |       0 |   47741 |   0.0 |       0 |     137 |   0.0 |  2349
               +---------+---------+-------+---------+---------+-------+---------
